 Dungeon Crawl Stone Soup version 0.28.0-53-g5a82cb258f (webtiles) character file.

Game seed: 9459382766142111744

6515 cbfl8 the Cleaver (level 10, -2/91 HPs)
             Began as a Minotaur Berserker on July 16, 2022.
             Was a High Priest of Trog.
             Killed from afar by an electric eel (7 damage)
             ... with a bolt of electricity
             ... on level 9 of the Dungeon.
             The game lasted 00:12:01 (12285 turns).

cbfl8 the Cleaver (Minotaur Berserker)             Turns: 12285, Time: 00:12:01

Health: -2/91      AC: 16    Str: 21    XL:     10   Next: 69%
Magic:  9/9        EV:  7    Int:  4    God:    Trog [*****.]
Gold:   635        SH: 10    Dex: 15    Spells: 9/9 levels left

rFire   + . .      SeeInvis .   q - +0 war axe
rCold   . . .      Faith    .   t - +0 kite shield
rNeg    . . .      Spirit   .   O - +0 plate armour
rPois   +          Reflect  .   (helmet restricted)
rElec   .          Harm     .   v - +0 cloak
rCorr   .          Rampage  .   (no gloves)
Will    .....                   o - +0 pair of boots
Stlth   ..........              M - amulet of magic regeneration
HPRegen 0.25/turn               f - ring of poison resistance
MPRegen 0.51/turn               E - ring of protection from fire

@: no status effects
A: horns 2, retaliatory headbutt
a: Renounce Religion, Berserk, Trog's Hand, Brothers in Arms


You were on level 9 of the Dungeon.
You worshipped Trog.
Trog was extremely pleased with you.
You visited 1 branch of the dungeon, and saw 9 of its levels.
You also visited: Ossuary.

You collected 635 gold pieces.

Inventory:

Hand Weapons
 q - a +0 war axe (weapon)
 u - a +2 quarterstaff of chaos
Armour
 o - a +0 pair of boots (worn)
 p - a +0 scale mail
 t - a +0 kite shield (worn)
 v - a +0 cloak (worn)
 O - a +0 plate armour (worn)
Jewellery
 a - a ring of magical power
 f - a ring of poison resistance (left hand)
 E - a ring of protection from fire (right hand)
 M - an amulet of magic regeneration (around neck)
Wands
 b - a wand of acid (7)
 K - a wand of iceblast (4)
 N - a wand of mindburst (7)
Scrolls
 e - a scroll of magic mapping {unknown}
 j - 5 scrolls of fear {unknown}
 l - 2 scrolls of vulnerability {unknown}
 n - 3 scrolls of teleportation {unknown}
 w - 2 scrolls of holy word {unknown}
 x - a scroll of enchant armour {unknown}
 y - 10 scrolls of identify {unknown}
 B - 2 scrolls of enchant weapon {unknown}
 C - a scroll of summoning
 D - 4 scrolls of immolation {unknown}
 F - a scroll of blinking {unknown}
 G - 4 scrolls of amnesia {unknown}
 I - 2 scrolls of noise {unknown}
 L - a scroll of fog {unknown}
Potions
 c - 5 potions of curing
 d - 2 potions of berserk rage {unknown}
 g - 3 potions of mutation {unknown}
 h - 3 potions of attraction {unknown}
 i - 2 potions of haste {unknown}
 k - 6 potions of brilliance {unknown}
 m - 6 potions of flight {unknown}
 r - 2 potions of might {unknown}
 s - a potion of ambrosia {unknown}
 z - 2 potions of heal wounds {unknown}
 A - 2 potions of cancellation {unknown}
 H - 2 potions of magic {unknown}
 J - 3 potions of invisibility {unknown}


   Skills:
 + Level 9.1 Fighting
 + Level 12.7 Axes
 + Level 8.3 Armour
 + Level 5.7 Dodging
 + Level 1.7 Stealth
 + Level 6.0 Shields
 * Level 3.1 Evocations


You had 9 spell levels left.
You didn't know any spells.
Your spell library was empty.

Dungeon Overview and Level Annotations

Branches:
Dungeon (9/15)             Temple (0/1) D:7         Ossuary (visited)
   Lair: D:8-11         Orc: D:9-12

Altars:

Shops:
D:8 *


Innate Abilities, Weirdness & Mutations

You have a pair of horns on your head.
You reflexively headbutt those who attack you in melee.


Message History

Found 19 bolts.
The electric eel shoots out a bolt of lightning at you!
The bolt of electricity hits you but does no damage.
You see here 19 bolts.
You enter the shallow water.
Moving in this stuff is going to be slow.
An electric eel comes into view.
You see here 19 bolts.
The electric eel shoots out a bolt of lightning at you!
The bolt of electricity misses you.
The electric eel shoots out a bolt of lightning at you!
The bolt of electricity hits you!
The electric eel shoots out a bolt of lightning at you!
The bolt of electricity hits you.
The electric eel shoots out a bolt of lightning at you!
The bolt of electricity hits you!
The electric eel shoots out a bolt of lightning at you!
The bolt of electricity hits you.
The electric eel shoots out a bolt of lightning at you!
The bolt of electricity hits you!
The electric eel shoots out a bolt of lightning at you!
The bolt of electricity hits you!
The electric eel shoots out a bolt of lightning at you!
The bolt of electricity hits you!
You see here 19 bolts.
The electric eel shoots out a bolt of lightning at you!
The bolt of electricity hits you!
* * * LOW HITPOINT WARNING * * *
The electric eel shoots out a bolt of lightning at you!
The bolt of electricity hits you.
* * * LOW HITPOINT WARNING * * *
The electric eel shoots out a bolt of lightning at you!
The bolt of electricity hits you!
* * * LOW HITPOINT WARNING * * *
The electric eel shoots out a bolt of lightning at you!
The bolt of electricity hits you!
* * * LOW HITPOINT WARNING * * *
The electric eel shoots out a bolt of lightning at you!
The bolt of electricity hits you!
You die...

#........÷.)........≈....
#...................≈....≈≈
#...##..............≈.≈≈.≈.
#.##§§#.............≈..S≈≈≈
#...§...............≈..≈.≈≈
#.##§#..............≈..≈.≈.
.. ##§.............≈≈.≈≈.≈.
................≈≈≈≈≈≈..
...........@...(S≈.≈≈≈≈≈
################.≈≈.≈≈≈.
#........ #########


You could see an electric eel.

Vanquished Creatures
  A cyclops (D:9)
  A polar bear (D:9)
  A wraith (D:6)
  6 yaks (D:9)
  Eustachio (D:5)
  Menkaure (D:7)
  A water moccasin (D:8)
  An ice beast (D:5)
  2 sky beasts (D:8)
  3 black bears
  4 orc warriors
  2 necrophages
  2 wolves (D:9)
  2 ogres (D:4)
  3 kobold brigands
  2 wyvern zombies
  5 scorpions
  3 water moccasin zombies (Ossuary)
  A wyvern skeleton (D:7)
  2 water moccasin skeletons
  5 wights (D:8)
  11 killer bees
  4 howler monkeys
  An electric eel (D:9)
  A centaur zombie (D:9)
  4 orc priests
  5 hounds
  3 jellies
  Crazy Yiuf (D:3)
  A bullfrog skeleton (D:5)
  3 centaur skeletons
  4 iguanas
  8 orc wizards
  A centaur simulacrum (D:9)
  2 mummies (Ossuary)
  4 gnolls
  7 adders
  3 shadow imps
  8 white imps
  A howler monkey simulacrum (D:9)
  An ufetubus (D:9)
  6 adder zombies
  7 worms
  3 dart slugs
  34 orcs
  6 ball pythons
  3 endoplasms
  6 giant cockroaches
  9 goblins
  5 hobgoblins
  7 jackals
  22 kobolds
  A quokka (D:1)
  7 bats
  2 frilled lizards
  5 gnoll zombies (Ossuary)
  4 hobgoblin zombies (Ossuary)
  7 kobold zombies (Ossuary)
  2 orc zombies (Ossuary)
  7 rats
265 creatures vanquished.

Notes
Turn   | Place    | Note
-------+----------+-------------------------------------------
     0 | D:1      | cbfl8 the Minotaur Berserker began the quest for the Orb.
     0 | D:1      | Reached XP level 1. HP: 19/19 MP: 0/0
   167 | D:1      | Reached XP level 2. HP: 24/27 MP: 1/1
   177 | D:1      | Reached skill level 4 in Axes
   996 | D:2      | Reached XP level 3. HP: 14/33 MP: 2/2
  2448 | D:2      | Reached ** piety under Trog
  2648 | D:3      | Reached XP level 4. HP: 30/41 MP: 3/3
  3212 | D:3      | Reached skill level 5 in Axes
  3360 | D:3      | Found a faded altar of an unknown god.
  3647 | D:3      | Found a runed translucent door.
  3648 | D:3      | Noticed Crazy Yiuf
  3982 | D:3      | Killed Crazy Yiuf
  3983 | D:3      | Reached XP level 5. HP: 47/47 MP: 4/4
  4071 | D:4      | Noticed an ogre
  4076 | D:4      | Killed an ogre
  4077 | D:4      | Reached skill level 5 in Fighting
  4077 | D:4      | Reached skill level 6 in Axes
  4094 | D:4      | Noticed a necrophage
  4103 | D:4      | Killed a necrophage
  4104 | D:4      | Reached XP level 6. HP: 20/56 MP: 5/5
  4205 | D:4      | Found a sand-covered staircase.
  4217 | Ossuary  | Entered an ossuary
  4378 | Ossuary  | Reached XP level 7. HP: 45/61 MP: 6/6
  4597 | Ossuary  | Reached *** piety under Trog
  4598 | Ossuary  | Reached skill level 7 in Axes
  4725 | D:4      | Reached skill level 1 in Shields
  4786 | D:4      | Reached skill level 8 in Axes
  5213 | D:4      | Reached XP level 8. HP: 69/70 MP: 7/7
  5291 | D:5      | Entered Level 5 of the Dungeon
  5350 | D:5      | Reached skill level 9 in Axes
  5707 | D:5      | Noticed Eustachio
  5708 | D:5      | Reached **** piety under Trog
  5742 | D:5      | Killed Eustachio
  5743 | D:5      | Reached skill level 5 in Armour
  5825 | D:5      | Reached skill level 5 in Dodging
  6394 | D:5      | Reached skill level 1 in Stealth
  6719 | D:5      | Reached skill level 10 in Axes
  6807 | D:5      | Reached XP level 9. HP: 78/78 MP: 8/8
  8133 | D:6      | Reached skill level 11 in Axes
  8521 | D:7      | Found a staircase to the Ecumenical Temple.
  9408 | D:7      | Noticed Menkaure
  9415 | D:7      | Killed Menkaure
  9661 | D:7      | Reached ***** piety under Trog
 10353 | D:8      | Found Palu's Assorted Antiques.
 10581 | D:8      | Reached skill level 1 in Evocations
 10585 | D:8      | Reached XP level 10. HP: 90/90 MP: 9/9
 10931 | D:9      | Reached skill level 5 in Shields
 11449 | D:9      | Noticed a cyclops
 11454 | D:9      | Killed a cyclops
 11455 | D:9      | Reached skill level 12 in Axes
 12285 | D:9      | Killed from afar by an electric eel

Illustrated notes

Levels and vault maps discovered:
D:1:      lemuel_arrival_rhombus, layout_basic, minmay_cut_off
D:2:      layout_basic
D:3:      minmay_inner_zag, layout_basic, chequers_ecumenical_altar_simple,
          nicolae_wormholes, uniq_crazy_yiuf_cottage
D:4:      wad_pebble_path, layout_basic, enter_ossuary_1
D:5:      minmay_chambers_of_threes, layout_basic, uniq_eustachio
D:6:      minmay_chambers_of_fours, layout_basic
D:7:      layout_basic, minmay_temple_entry_stoned_glass, kennysheep_crisscross,
          uniq_menkaure
D:8:      layout_basic, serial_shops, nicolae_shop_trees
D:9:      layout_long_grid, kiku_gazebo_pond_becter, serial_ice, serial_ice_j,
          serial_ice_m, serial_ice_b, serial_ice_d, serial_ice_g, serial_ice_a,
          lightli_minifort

Skill      XL: |  1  2  3  4  5  6  7  8  9 10 |
---------------+-------------------------------+-----
Fighting       | 4 5 6 8 9 |  9.1
Axes           | 4 5 6 8 10 11 12 | 12.7
Dodging        | 3 4 5 |  5.7
Armour         | 3 4 5 7 8 |  8.3
Shields        | 2 3 4 6 |  6.0
Stealth        | 1 |  1.7
Evocations     | 1 3 |  3.1

Action                   |  1- 3 |  4- 6 |  7- 9 | 10-12 || total
-------------------------+-------+-------+-------+-------++-------
Melee: Hand axe          |    78 |    42 |       |       ||   120
       Headbutt          |    10 |    19 |    72 |    28 ||   129
       War axe           |       |    67 |   343 |   103 ||   513
Invok: Berserk           |     2 |     3 |     7 |     3 ||    15
Armor: Animal skin       |    15 |     5 |       |       ||    20
       Scale mail        |       |    29 |   128 |    15 ||   172
       Plate armour      |       |       |       |    45 ||    45
Dodge: Dodged            |    68 |    40 |   142 |    47 ||   297
Block: Buckler           |       |     4 |       |       ||     4
       Kite shield       |       |    25 |   156 |    74 ||   255
